 Dungeon Crawl Stone Soup version 0.19-a0-684-gf760df0 (webtiles) character file.

129 uglyjohn the Caller (level 5, 0/28 HPs)
             Began as a Tengu Summoner on June 17, 2016.
             Slain by agentgt's ghost (1 damage)
             ... on level 3 of the Dungeon.
             The game lasted 00:05:59 (2710 turns).

uglyjohn the Caller (Tengu Summoner)                Turns: 2710, Time: 00:05:59

Health: 0/28       AC:  6    Str:  8    XL:     5   Next: 12%
Magic:  0/9        EV: 12    Int: 17    God:
Gold:   160        SH:  0    Dex: 14    Spells: 2 memorised, 5 levels left

rFire  . . .     SeeInvis .     i - +0 spear
rCold  . . .     Gourm    .     e - +0 leather armour {rPois}
rNeg   . . .     Faith    .     (no shield)
rPois  +         Spirit   .     (helmet restricted)
rElec  .         Dismiss  .     (no cloak)
rCorr  .         Reflect  .     t - +2 pair of gloves
SustAt .         Harm     .     (boots unavailable)
MR     .....                    (no amulet)
Stlth  ++........               (no ring)
                                (no ring)

@: slowed, drained, very slow, not resistant to hostile enchantments, unstealthy
A: beak, talons 3, able to fly 1
a: Fly


You were on level 3 of the Dungeon.
You were not hungry.

You visited 1 branch of the dungeon, and saw 3 of its levels.

You collected 160 gold pieces.

Inventory:

Hand Weapons
 i - a +0 spear (weapon)
Armour
 a - a +0 robe
 e - a +0 leather armour of poison resistance (worn)
 t - a +2 pair of gloves (worn)
Jewellery
 q - an uncursed amulet of harm {unknown}
Scrolls
 f - 2 scrolls of immolation {unknown}
 h - a scroll of blinking {unknown}
 j - a scroll of teleportation {unknown}
 k - a scroll of recharging {unknown}
 m - 3 scrolls of identify {unknown}
 n - a scroll of magic mapping {unknown}
 o - a scroll of remove curse {unknown}
 u - a scroll of noise {unknown}
Potions
 d - a potion of haste {unknown}
 l - a potion of resistance {unknown}
 p - a potion of ambrosia {unknown}
 s - a potion of mutation {unknown}
Books
 b - a book of Callings

   Spells                             Type                      Level
   a - Summon Small Mammal            Summoning                    1
   b - Call Imp                       Summoning                    2
   c - Call Canine Familiar           Summoning                    3
   d - Summon Guardian Golem          Hexes/Summoning              3
   e - Summon Lightning Spire         Summoning/Air                4
   f - Summon Ice Beast               Ice/Summoning                4
Comestibles
 c - 3 bread rations
 g - a meat ration
 r - a chunk of flesh


   Skills:
 + Level 3.3(3.1) Polearms
 - Level 2.1(1.9) Dodging
 - Level 2.0(1.7) Stealth
 - Level 2.0(1.7) Spellcasting
 + Level 6.4(6.1) Summonings


You had 5 spell levels left.
You knew the following spells:

 Your Spells              Type           Power        Failure   Level  Hunger
a - Summon Small Mammal   Summ           ###.         2%          1    #......
b - Call Imp              Summ           ###.....     3%          2    ###....


Dungeon Overview and Level Annotations

Branches:
Dungeon (3/15)

Altars:
Fedhas
Okawaru
Trog

Annotations:
D:3 agentgt's ghost, amateur HOCK


Innate Abilities, Weirdness & Mutations

You have a beak for a mouth.
You have claws for feet.
You can fly.


Message History

Your crimson imp hits agentgt's ghost but does no damage!
Agentgt's ghost closely misses you!
You spit agentgt's ghost like a pig!
Agentgt's ghost is moderately damaged!
Your crimson imp hits agentgt's ghost!
Your crimson imp barely misses agentgt's ghost!
Your crimson imp misses agentgt's ghost!
Agentgt's ghost barely misses you!
Your crimson imp hits agentgt's ghost!
Your crimson imp barely misses agentgt's ghost!
You closely miss agentgt's ghost! Your peck misses agentgt's ghost!
Agentgt's ghost is moderately damaged!
Your crimson imp blinks!!!
Agentgt's ghost hits you!!!
You feel your power leaking away!
Your crimson imp closely misses agentgt's ghost!
Your crimson imp hits agentgt's ghost but does no damage!
Agentgt's ghost hits you!!! * * * don't die
* * * Agentgt's ghost freezes you! rip

.? . .## ### .. .. ..#
..##.###.##### ###
.....#......##### #.. #.
#..#..###.#...########.#
#...#.......#.#.#.#.........
.>..?..<.5W@(.....)........#
....#....§5)....#..#####....
. #...#...###.#.......†###
#####...# #.#...###.....
.....# ###.#.# #.##(.
#..#.#5# ###.###.##.#
......... ............
###....#.## ###..##.##.#
##.....# ## #.##..


You could see agentgt's ghost and 3 friendly crimson imps.

Vanquished Creatures
  An adder (D:2)
  4 worms
  A dart slug (D:2)
  2 giant geckos (D:2)
  An orc (D:3)
  5 bats (D:2)
  3 giant cockroaches (D:2)
  4 goblins
  4 hobgoblins
  4 kobolds
  2 quokkas
  A ball python (D:3)
  3 giant newts (D:2)
  2 rats
37 creatures vanquished.

Vanquished Creatures (collateral kills)
  A giant frog (D:3)
  2 adders (D:2)
  A worm (D:3)
  A dart slug (D:1)
  A giant gecko (D:1)
  2 bats
  A goblin (D:1)
  A hobgoblin (D:2)
  A quokka (D:2)
  A ball python (D:2)
  2 giant newts
  A kobold (D:2)
  A rat (D:2)
16 creatures vanquished.

Grand Total: 53 creatures vanquished

Notes
Turn   | Place    | Note
--------------------------------------------------------------
     0 | D:1      | uglyjohn the Tengu Summoner began the quest for the Orb.
     0 | D:1      | Reached XP level 1. HP: 10/10 MP: 4/4
    84 | D:1      | Reached skill level 5 in Summonings
   759 | D:1      | Reached XP level 2. HP: 15/15 MP: 4/6
   763 | D:1      | Learned a level 2 spell: Call Imp
   787 | D:1      | Reached skill level 1 in Polearms
  1462 | D:2      | Reached XP level 3. HP: 15/19 MP: 5/7
  1880 | D:2      | Reached XP level 4. HP: 9/24 MP: 4/8
  2089 | D:2      | Found a blossoming altar of Fedhas.
  2178 | D:2      | Found an iron altar of Okawaru.
  2248 | D:2      | Found a bloodstained altar of Trog.
  2308 | D:2      | Reached skill level 6 in Summonings
  2498 | D:3      | Noticed a giant frog
  2507 | D:3      | Killed a giant frog
  2507 | D:3      | Gained mutation: You can fly. [Tengu growth]
  2507 | D:3      | Reached XP level 5. HP: 16/28 MP: 5/9
  2520 | D:3      | Noticed agentgt's ghost (amateur HOCK)
  2710 | D:3      | HP: 1/28 [agentgt's ghost (11)]
  2710 | D:3      | Slain by agentgt's ghost

Vault maps used:
D:1:      erik_arrival_cave_to_civilisation
D:2:      lemuel_crystal_altar, grunt_temple_overflow_open, first_bread

Skill      XL: |  1  2  3  4 |
---------------+-------------+-----
Summonings     | 5 6 |  6.4
Polearms       | 1 2 3 |  3.3
Dodging        | |  2.1
Stealth        | |  2.0
Spellcasting   | |  2.0

Action                   |  1- 3 |  4- 6 || total
-------------------------+-------+-------++-------
Melee: Spear             |   122 |    64 ||   186
       Unarmed           |     5 |       ||     5
       Peck              |    11 |     5 ||    16
       Kick              |    19 |    13 ||    32
 Cast: Summon Small Mamm |    18 |    16 ||    34
       Call Imp          |     2 |     3 ||     5
 Stab: Sleeping          |     3 |       ||     3
       Distracted        |     1 |       ||     1
  Eat: Chunk             |     3 |     4 ||     7
Armor: Leather armour    |    23 |    17 ||    40
       Robe              |     2 |       ||     2
Dodge: Dodged            |    75 |    26 ||   101
